 Dungeon Crawl Stone Soup version 0.24-a0-582-g4d4af813a0 (webtiles) character file.

Game seed: 17459413006867673009

7339 Gynju the Cleaver (level 11, -1/84 HPs)
             Began as a Formicid Fighter on Aug 27, 2019.
             Was a Priest of Ru.
             Slain by Snorg (10 damage)
             ... on level 10 of the Dungeon.
             The game lasted 00:40:28 (11307 turns).

Gynju the Cleaver (Formicid Fighter)               Turns: 11307, Time: 00:40:29

Health: -1/84      AC: 10    Str: 28    XL:     11   Next: 35%
Magic:  11/11      EV: 12    Int:  9    God:    Ru [***...]
Gold:   144        SH:  0    Dex: 15    Spells: 10/10 levels left

rFire    . . .     SeeInvis +   a - +3 battleaxe
rCold    . . .     Gourm    .   c - +1 shield
rNeg     + . .     Faith    .   x - +4 ring mail of Dramatic Exits {*Contam rElec rPois Dex+5 Stlth-}
rPois    +         Spirit   .   (helmet unavailable)
rElec    +         Reflect  +   (no cloak)
rCorr    .         Harm     .   (no gloves)
MR       +....                  (no boots)
Stlth    ..........             b - +3 amulet of reflection
HPRegen  0.24/turn              o - ring of positive energy
MPRegen  0.12/turn              (no ring)

@: confused, mighty, no scrolls, heavily drained
A: permanent stasis, dig shafts and tunnels, four strong arms, antennae 3,
inability to read while threatened, inability to use devices
a: Dig, Shaft Self, Draw Out Power, Renounce Religion


You were on level 10 of the Dungeon.
You worshipped Ru.
Ru was most pleased with you.
You were not hungry.

You visited 1 branch of the dungeon, and saw 10 of its levels.

You collected 272 gold pieces.
You spent 128 gold pieces at shops.

Inventory:

Hand Weapons
 a - a +3 battleaxe (weapon)
Armour
 c - a +1 shield (worn)
 m - a +0 chain mail
 x - the +4 ring mail of Dramatic Exits (worn) {*Contam rElec rPois Dex+5 Stlth-}
   (You found it on level 5 of the Dungeon)

   It affects your dexterity (+5).
   It insulates you from electricity.
   It protects you from poison.
   It causes magical contamination when unequipped.
   It makes you less stealthy.
Jewellery
 b - a +3 amulet of reflection (around neck)
 o - a ring of positive energy (left hand)
 r - an uncursed ring of fire
Scrolls
 e - a scroll of amnesia
 g - 2 scrolls of fog
 n - a scroll of enchant armour
Potions
 i - a potion of mutation
 p - 5 potions of curing
 q - a potion of cancellation
 v - 3 potions of lignification
 w - a potion of haste {unknown}
Comestibles
 f - 24 rations


   Skills:
 + Level 7.2(5.4) Fighting
 * Level 12.2(10.2) Axes
 + Level 7.1(5.4) Armour
 + Level 5.0(3.3) Dodging
 + Level 7.7(6.0) Shields


You had 10 spell levels left.
You didn't know any spells.
Your spell library contained the following spells:

 Spells                   Type           Power        Failure   Level  Hunger
 Irradiate                Conj/Tmut      #.........   100%        5    ######.
 Hydra Form               Tmut           #.........   100%        6    #######
 Statue Form              Tmut/Erth      #........    100%        6    #######
 Dragon Form              Tmut           #.........   100%        7    #######


Dungeon Overview and Level Annotations

Branches:
Dungeon (10/15)            Temple (0/1) D:7
   Lair: D:8-11         Orc: D:9-12

Altars:
Ashenzari
Dithmenos
Kikubaaqudgha
Makhleb
Qazlal
Ru
Sif Muna
Trog
Xom

Shops:
D:7 *

Annotations:
D:4 1 runed translucent door, wazuzu's ghost, novice HOFi
D:6 1 runed translucent door, voshxx's ghost, novice GrFi
D:10 Snorg


Innate Abilities, Weirdness & Mutations

You cannot be hasted, slowed, berserked, paralysed or teleported.
You can dig through walls and to a lower floor.
Your four strong arms can wield two-handed weapons with a shield.
You have a pair of large antennae on your head. (SInv)
You cannot read scrolls while threatened.
You cannot study or use magical devices.


Message History

The orc is stunned by your will and fails to attack.
The orc misses you. The orc wizard closely misses you.
A yak comes into view.
There are monsters nearby!
Unknown command.
You closely miss the orc. You barely miss the orc wizard. You hit Snorg.
You closely miss the orc. Snorg bites you!
* * * LOW HITPOINT WARNING * * *
Snorg closely misses you. x2
Snorg is stunned by your will and fails to attack.
The orc misses you. The orc barely misses you. The orc wizard misses you.
You bump into the rock wall.
Snorg bites you.
* * * LOW HITPOINT WARNING * * *
Snorg claws you but does no damage. Snorg closely misses you.
The orc hits you with a +1 short sword of venom.
* * * LOW HITPOINT WARNING * * *
The orc misses you.
The orc wizard hits you but does no damage.
Snorg bites you!
You die...

#.....# #.#...#
##.....######
#...........#
#.#..#.(....#
##########...).†)....#
.........=..####.....#
....#..#..#.# #.o...#
.<..........# #@o5..#
############# #oT...#
#Zo.Y.# #..g..#
{{........ #.....Y.. {
#....##.. .....# ..


You could see Snorg (berserk), 2 yaks, 2 orc wizards, a crimson imp, 2 orcs, a
goblin and a wyvern skeleton.

Vanquished Creatures
  Harold (D:7)
  Erica (D:8)
  Joseph (D:8)
  A troll (D:9)
  A hippogriff (D:7)
  4 hogs (D:9)
  A human (D:9)
  A hungry ghost (D:9)
  Eustachio (D:6)
  A black bear (D:9)
  An orc warrior (D:8)
  3 phantoms
  2 ice beasts
  A sky beast (D:8)
  5 ogres
  2 centaurs
  5 bullfrogs
  5 scorpions
  4 killer bees (D:9)
  14 wights
  2 howler monkeys (D:9)
  A bullfrog zombie (D:8)
  A centaur zombie (D:8)
  4 crimson imps
  6 hounds
  7 orc priests
  2 jellies
  9 orc wizards
  3 bullfrog skeletons
  Terence (D:2)
  A centaur skeleton (D:8)
  4 iguanas
  5 worker ants
  A hound zombie (D:8)
  A hound skeleton (D:6)
  2 worker ant zombies
  A howler monkey zombie (D:6)
  10 adders
  4 gnolls (D:6)
  An ooze (D:2)
  2 adder zombies
  An adder skeleton (D:6)
  6 worms
  A dart slug (D:3)
  6 leopard geckos
  39 orcs
  A ball python (D:7)
  9 giant cockroaches
  12 goblins
  9 hobgoblins
  12 jackals
  2 quokkas
  8 bats
  5 frilled lizards
  6 kobolds
  A leopard gecko skeleton (D:7)
  31 rats
272 creatures vanquished.

Vanquished Creatures (others)
  An orc wizard (D:6)
  An orc (D:10)
2 creatures vanquished.

Grand Total: 274 creatures vanquished

Notes
Turn   | Place    | Note
-------+----------+-------------------------------------------
     0 | D:1      | Gynju the Formicid Fighter began the quest for the Orb.
     0 | D:1      | Reached XP level 1. HP: 18/18 MP: 1/1
    53 | D:1      | Reached XP level 2. HP: 24/24 MP: 2/2
    74 | D:1      | Reached skill level 3 in Axes
   305 | D:1      | Reached XP level 3. HP: 27/29 MP: 3/3
   677 | D:2      | Noticed Terence
   688 | D:2      | Killed Terence
   688 | D:2      | Reached skill level 4 in Axes
   688 | D:2      | Reached XP level 4. HP: 31/35 MP: 4/4
  1169 | D:2      | Reached XP level 5. HP: 38/41 MP: 5/5
  1453 | D:2      | Reached skill level 5 in Axes
  2038 | D:3      | Found a shadowy altar of Dithmenos.
  2476 | D:3      | Reached XP level 6. HP: 42/47 MP: 6/6
  2777 | D:4      | Found a runed translucent door.
  2777 | D:4      | Noticed wazuzu's ghost (novice HOFi)
  2855 | D:4      | Reached skill level 6 in Axes
  2863 | D:4      | Noticed an ogre
  2869 | D:4      | Killed an ogre
  3013 | D:4      | Reached XP level 7. HP: 19/52 MP: 7/7
  3297 | D:4      | Reached skill level 7 in Axes
  3875 | D:4      | Reached skill level 8 in Axes
  4425 | D:4      | Found an ancient bone altar of Kikubaaqudgha.
  4426 | D:4      | Found a shimmering blue altar of Sif Muna.
  4426 | D:4      | Found a sacrificial altar of Ru.
  4431 | D:4      | Found a shattered altar of Ashenzari.
  4434 | D:4      | Became a worshipper of Ru the Awakened
  4563 | D:5      | Entered Level 5 of the Dungeon
  4578 | D:5      | Reached XP level 8. HP: 58/58 MP: 8/8
  4925 | D:5      | Reached skill level 9 in Axes
  5778 | D:5      | Found a stormy altar of Qazlal.
  5816 | D:5      | Got a dazzling ring mail
  5827 | D:5      | Identified the +4 ring mail of Dramatic Exits {*Contam
                  | rElec rPois Dex+5 Stlth-} (You found it on level 5 of the
                  | Dungeon)
  6209 | D:6      | Reached skill level 1 in Dodging
  6276 | D:6      | Gained mutation: You cannot study or use magical devices.
                  | [Ru sacrifice]
  6276 | D:6      | Reached * piety under Ru
  6276 | D:6      | Reached ** piety under Ru
  6329 | D:6      | Reached XP level 9. HP: 65/65 MP: 9/9
  6371 | D:6      | Reached skill level 10 in Axes
  6920 | D:6      | Found a runed translucent door.
  6920 | D:6      | Found a shimmering altar of Xom.
  6920 | D:6      | Noticed a +2 spear of chaos
  6920 | D:6      | Noticed voshxx's ghost (novice GrFi)
  6943 | D:6      | Noticed Eustachio
  6956 | D:6      | Killed Eustachio
  6956 | D:6      | Reached skill level 5 in Shields
  7010 | D:6      | Noticed a moth of wrath
  7013 | D:6      | Found a bloodstained altar of Trog.
  7773 | D:7      | Noticed Harold
  7790 | D:7      | HP: 2/66 [Harold/+0 war axe (8)]
  7792 | D:7      | Killed Harold
  7792 | D:7      | Reached skill level 5 in Fighting
  7792 | D:7      | Reached skill level 5 in Armour
  7792 | D:7      | Reached XP level 10. HP: 3/74 MP: 10/10
  8316 | D:7      | Found a staircase to the Ecumenical Temple.
  8544 | D:7      | Reached skill level 11 in Axes
  8572 | D:7      | Found Funor's General Store.
  8580 | D:7      | Bought a potion of curing for 48 gold pieces
  8580 | D:7      | Bought a potion of heal wounds for 80 gold pieces
  8684 | D:7      | Found a shimmering altar of Xom.
  8699 | D:7      | Found a burning altar of Makhleb.
  8989 | D:8      | Noticed Joseph
  9008 | D:8      | Killed Joseph
  9102 | D:8      | Gained mutation: You cannot read scrolls while threatened.
                  | [Ru sacrifice]
  9102 | D:8      | Reached *** piety under Ru
  9331 | D:8      | Noticed Erica
  9358 | D:8      | Killed Erica
 10196 | D:9      | Reached XP level 11. HP: 83/83 MP: 11/11
 10409 | D:9      | Reached skill level 12 in Axes
 11244 | D:10     | Entered Level 10 of the Dungeon
 11282 | D:10     | Reached skill level 5 in Dodging
 11295 | D:10     | Noticed Snorg
 11307 | D:10     | Slain by Snorg

Levels and vault maps discovered:
D:1:      tarquinn_simple_flora_water_b, layout_rooms
D:2:      layout_rooms, serial_rivers, chequers_serial_rivers_micro_b,
          chequers_serial_rivers_room_b, chequers_serial_rivers_micro_e,
          chequers_serial_rivers_micro_a, chequers_serial_rivers_large_a,
          chequers_serial_rivers_micro_e, minmay_rat_hole, uniq_terence
D:3:      layout_basic, minivault_25, roderic_roman_lattice,
          minmay_misc_feat_enclosed, grunt_dithmenos_smoke
D:4:      layout_basic, minitemple, hellmonk_ghost_happy_afterlife,
          grunt_decor_clamped
D:5:      layout_loops_corners, first_ration, nicolae_qazlal_eye_of_the_storm
D:6:      layout_cave_pods, ebering_ghost_xom, minivault_27, tgw_trog,
          uniq_eustachio
D:7:      layout_loops_corners, grunt_temple_overflow_champion_of_chaos,
          minmay_temple_entry_wispy, serial_shops, nicolae_shop_stone,
          uniq_harold
D:8:      layout_basic, uniq_joseph, uniq_erica
D:9:      layout_irregular_city, grunt_livestock
D:10:     layout_stronghold, dpeg_lair_monsters, erik_orc_4, uniq_snorg

Skill      XL: |  1  2  3  4  5  6  7  8  9 10 11 |
---------------+----------------------------------+-----
Axes           | 3 4 5 6 8 9 10 11 12 | 12.2
Shields        | 4 5 7 |  7.7
Dodging        | 1 3 4 5 |  5.0
Fighting       | 5 6 7 |  7.2
Armour         | 5 6 7 |  7.1

Action                   |  1- 3 |  4- 6 |  7- 9 | 10-12 || total
-------------------------+-------+-------+-------+-------++-------
Melee: War axe           |    74 |   254 |   279 |    81 ||   688
       Broad axe         |       |       |       |   219 ||   219
       Battleaxe         |       |       |       |    41 ||    41
Invok: Sacrifice Artific |       |       |     1 |       ||     1
       Sacrifice Words   |       |       |       |     1 ||     1
  Use: Potion            |       |     1 |     1 |     4 ||     6
       Scroll            |       |       |       |    25 ||    25
 Stab: Invisible         |       |       |     2 |       ||     2
  Eat: Chunk             |       |     7 |    15 |    10 ||    32
       Ration            |       |       |       |     1 ||     1
Armor: Scale mail        |    43 |    64 |       |       ||   107
       Chain mail        |       |    66 |    53 |       ||   119
       Ring mail         |       |       |    33 |    84 ||   117
Dodge: Dodged            |    45 |    56 |    71 |   139 ||   311
Block: Shield            |    60 |   135 |   147 |   172 ||   514

Table legend:
 A = Non-vault XP
 B = Vault XP
 C = Vault XP percentage of total XP
 D = Non-vault monster count
 E = Vault monster count
 F = Vault count percentage of total count
                 A         B        C        D         E       F
            +---------+---------+-------+---------+---------+-------
      Total |    6778 |    3707 |  35.4 |     237 |      36 |  13.2
            +---------+---------+-------+---------+---------+-------
        D:1 |      50 |       0 |   0.0 |      29 |       0 |   0.0
        D:2 |      99 |      58 |  36.9 |      30 |      20 |  40.0
        D:3 |     102 |       0 |   0.0 |      28 |       0 |   0.0
        D:4 |     634 |       0 |   0.0 |      21 |       0 |   0.0
        D:5 |     517 |       0 |   0.0 |      23 |       0 |   0.0
        D:6 |    1063 |     208 |  16.4 |      25 |       6 |  19.4
        D:7 |     791 |    1050 |  57.0 |      19 |       2 |   9.5
        D:8 |    1625 |    1394 |  46.2 |      35 |       2 |   5.4
        D:9 |    1754 |     957 |  35.3 |      22 |       5 |  18.5
       D:10 |     143 |      40 |  21.9 |       5 |       1 |  16.7
            +---------+---------+-------+---------+---------+-------
